 Dungeon Crawl Stone Soup version 0.21.0 (webtiles) character file.

25 zheka71 the Changer (level 3, 0/26 HPs)
             Began as a Merfolk Transmuter on Jan 7, 2018.
             Slain by Terence
             ... wielding a +0 mace
              (8 damage)
             ... on level 2 of the Dungeon.
             The game lasted 00:04:51 (1287 turns).

zheka71 the Changer (Merfolk Transmuter)            Turns: 1287, Time: 00:04:52

Health: 0/26       AC:  2    Str: 11    XL:     3   Next: 4%
Magic:  5/6        EV: 13    Int: 12    God:
Gold:   134        SH:  0    Dex: 14    Spells: 5/6 levels left

rFire    . . .     SeeInvis .     - Unarmed
rCold    . . .     Gourm    .   (no shield)
rNeg     . . .     Faith    .   b - +0 robe
rPois    .         Spirit   .   (no helmet)
rElec    .         Reflect  .   (no cloak)
rCorr    .         Harm     .   (no gloves)
MR       .....                  (no boots)
Stlth    +.........             (no amulet)
HPRegen  0.08/turn              (no ring)
MPRegen  0.10/turn              (no ring)

@: appendage
A: change form in water, swift swim, stealthy swim, horns 2
a: End Transformation


You were on level 2 of the Dungeon.
You were hungry.
You had grown temporary horns.
You visited 1 branch of the dungeon, and saw 2 of its levels.

You collected 134 gold pieces.

Inventory:

Missiles
 a - 37 arrows
Armour
 b - a +0 robe (worn)
 j - a +0 shield
Scrolls
 e - a scroll of immolation {unknown}
 g - a scroll of teleportation {unknown}
 h - a scroll of remove curse {unknown}
 i - a scroll of noise {unknown}
 k - a scroll of identify {unknown}
Potions
 f - a potion of heal wounds {unknown}
Books
 c - a book of Changes

   Spells                             Type                      Level
   a - Beastly Appendage              Transmutation                1
   b - Sticks to Snakes               Transmutation                2
   c - Spider Form                    Transmutation/Poison         3
   d - Ice Form                       Ice/Transmutation            4
   e - Blade Hands                    Transmutation                5
Comestibles
 d - 2 rations


   Skills:
 - Level 1.1 Fighting
 - Level 2.6 Dodging
 - Level 3.2 Unarmed Combat
 - Level 2.0 Spellcasting
 + Level 4.6 Transmutations


You had 5 spell levels left.
You knew the following spells:

 Your Spells              Type           Power        Failure   Level  Hunger
a - Beastly Appendage     Tmut           ##....       4%          1    ##.....


Dungeon Overview and Level Annotations

Branches:
Dungeon (2/15)

Altars:

Annotations:
D:2 Terence


Innate Abilities, Weirdness & Mutations

You revert to your normal form in water.
You are very nimble and swift while swimming.
You are very stealthy in the water. (Stealth+)
You have a pair of horns on your head.


Message History

Terence hits you with a mace.
You closely miss Terence. You headbutt Terence, but do no damage.
Terence is heavily wounded.
Terence hits you with a mace.
You hit Terence. You headbutt Terence.
Terence is severely wounded.
Terence hits you with a mace.
You hit Terence.
Terence is almost dead.
You are feeling hungry.
Terence completely misses you.
You closely miss Terence.
Terence is almost dead.
You hit Terence but do no damage. You headbutt Terence, but do no damage.
Terence is almost dead.
Terence hits you with a mace.
You barely miss Terence.
Terence is almost dead.
Terence hits you with a mace!
You die...

...............r.
..............o#
#.............o##
................##
.........$..r.....
##......#....###. #
##.#........o.# #.##
##(#<...#####r####....##
..(#....# #oo@@.......
####....# #########... #
#....# #....# #....#
######


You could see Terence, 2 orcs and a rat.

Vanquished Creatures
  2 leopard geckos (D:1)
  An orc (D:2)
  4 bats
  A giant cockroach (D:2)
  2 goblins (D:1)
  3 hobgoblins (D:1)
  3 kobolds
  2 frilled lizards (D:2)
  A rat (D:1)
19 creatures vanquished.

Notes
Turn   | Place    | Note
-------+----------+-------------------------------------------
     0 | D:1      | zheka71 the Merfolk Transmuter began the quest for the Orb.
     0 | D:1      | Reached XP level 1. HP: 15/15 MP: 3/3
   111 | D:1      | Reached skill level 3 in Transmutations
   346 | D:1      | Reached XP level 2. HP: 21/21 MP: 3/5
   594 | D:1      | Reached skill level 4 in Transmutations
  1003 | D:2      | Noticed Terence
  1276 | D:2      | Reached XP level 3. HP: 26/26 MP: 4/6
  1287 | D:2      | Slain by Terence

Skill      XL: |  1  2 |
---------------+-------+-----
Transmutations | 3 4 |  4.6
Fighting       | |  1.1
Dodging        | |  2.6
Unarmed Combat | |  3.2
Spellcasting   | |  2.0

Action                   || total
-------------------------++-------
Melee: Unarmed           ||    76
       Headbutt          ||    12
 Cast: Beastly Appendage ||    13
  Eat: Chunk             ||     1
Armor: Robe              ||    19
Dodge: Dodged            ||    73
